 Dungeon Crawl Stone Soup version 0.27.1-1-g398f81649c (webtiles) character file.

Game seed: 11484801551611257835

60 Aphynety the Gusty (level 4, -5/24 HPs)
             Began as a Tengu Air Elementalist on Sept 6, 2021.
             Slain by a wight (13 damage)
             ... on level 2 of the Dungeon.
             The game lasted 00:14:31 (2966 turns).

Aphynety the Gusty (Tengu Air Elementalist)         Turns: 2966, Time: 00:14:31

Health: -5/24      AC:  2    Str:  8    XL:     4   Next: 4%
Magic:  7/8        EV: 12    Int: 17    God:
Gold:   114        SH:  0    Dex: 14    Spells: 7/8 levels left

rFire    . . .     SeeInvis .   (no weapon)
rCold    . . .     Faith    .   (no shield)
rNeg     . . .     Spirit   .   a - +0 robe
rPois    .         Reflect  .   (helmet restricted)
rElec    .         Harm     .   (no cloak)
rCorr    .         Rampage  .   (no gloves)
Will     .....                  (boots unavailable)
Stlth    ++........             (no amulet)
HPRegen  0.08/turn              b - ring of flight
MPRegen  0.11/turn              (no ring)

@: flying
A: beak, talons 3
a: no special abilities


You were on level 2 of the Dungeon.
You visited 1 branch of the dungeon, and saw 3 of its levels.

You collected 114 gold pieces.

Inventory:

Armour
 a - a +0 robe (worn)
Jewellery
 b - a ring of flight (left hand)
Scrolls
 c - a scroll of immolation {unknown}
 d - a scroll of identify {unknown}
 e - a scroll of fear
 f - a scroll of blinking {unknown}
 g - a scroll of noise {unknown}
 k - a scroll of teleportation {unknown}
 l - a scroll of magic mapping {unknown}
Potions
 h - a potion of magic {unknown}
 j - a potion of lignification {unknown}
 m - a potion of attraction {unknown}
 n - a potion of might {unknown}


   Skills:
 + Level 2.4 Dodging
 + Level 2.3 Stealth
 + Level 0.1 Unarmed Combat
 + Level 2.5 Spellcasting
 + Level 2.0 Conjurations
 + Level 5.2 Air Magic


You had 7 spell levels left.
You knew the following spells:

 Your Spells              Type           Power      Damage    Failure   Level
a - Shock                 Conj/Air       56%        1d6       4%          1

Your spell library contained the following spells:

 Spells                   Type           Power      Damage    Failure   Level
 Static Discharge         Conj/Air       14%        N/A       6%          2
 Swiftness                Air            20%        N/A       6%          3
 Magic Dart               Conj           36%        1d4       8%          1
 Corpse Rot               Necr/Air       N/A        N/A       10%         2
 Mephitic Cloud           Conj/Pois/Air  10%        N/A       21%         3
 Airstrike                Air            10%        N/A       22%         4
 Call Imp                 Summ           2%         N/A       28%         2
 Dispel Undead            Necr           2%         3d7       88%         4
 Death Channel            Necr           1%         N/A       100%        6


Dungeon Overview and Level Annotations

Branches:
Dungeon (3/15)

Altars:

Shops:
D:2 (


Innate Abilities, Weirdness & Mutations

You have a beak for a mouth.
You have claws for feet.


Message History

Casting: Shock (safe; 4% risk of failure)
Confirm with . or Enter, or press ? or * to list all spells.
Aiming: Shock (safe; 4% risk of failure)
Press: ? - help, Shift-Dir - straight line, f/p - wight
Aim: a wight, wielding a +5 short sword of freezing and wearing a +0 robe (heavily damaged, 71% to hit)
The zap hits the wight but does no damage.
The wight is heavily damaged.
The zap hits the wight.
The wight is lightly damaged.
The wight hits you with a +5 short sword of freezing!
The wight freezes you. The wight closely misses you.
The wight hits you with a +5 short sword of freezing.
* * * LOW HITPOINT WARNING * * *
The wight freezes you.
* * * LOW HITPOINT WARNING * * *
You see here a ball python corpse.
You can't see any enemies this would affect, really read the scroll of fear? [Y]es or [N]o only, please.
You can't see any enemies this would affect, really read the scroll of fear?
Okay, then.
Unknown command.
You see here a ball python corpse.
There is a stone staircase leading up here.
The wight closely misses you.
You fly upwards.
There is a stone staircase leading down here.
There is an open door here.
Okay, then.
There is an open door here.
There is an open door here.
Casting: Shock (safe; 4% risk of failure)
Confirm with . or Enter, or press ? or * to list all spells.
Aiming: Shock (safe; 4% risk of failure)
Press: ? - help, Shift-Dir - straight line, f - wight
Aim: a wight, wielding a +5 short sword of freezing and wearing a +0 robe (heavily damaged, 71% to hit)
The zap hits the wight.
The wight is severely damaged.
The wight hits you with a +5 short sword of freezing!
Ouch! That really hurt!
You die...

#.#.......#.# ###########..
#.#.......#.# #............
#.#[......#.# #............
#.#.......#.# #...........#
#.#.#####+#'####...........#
#.#.# #.......#############
#.#.# #.......#
#.#.####...z...#
#.........#@####
###.#######.# #.# #.# #.#
#.# #.# #.# #.# #.# ######.#
#.# #......# #.# ##.#####
#.#


You could see a wight.

Vanquished Creatures
  Jessica (D:2)
  A dart slug (D:1)
  4 endoplasms
  A giant cockroach (D:1)
  2 goblins (D:1)
  3 hobgoblins
  4 ball pythons
  4 bats
  6 frilled lizards
  6 kobolds (D:1)
  2 rats (D:1)
34 creatures vanquished.

Vanquished Creatures (others)
  A fungus (D:1)
  2 plants (D:1)
3 creatures vanquished.

Grand Total: 37 creatures vanquished

Notes
Turn   | Place    | Note
-------+----------+-------------------------------------------
     0 | D:1      | Aphynety the Tengu Air Elementalist began the quest for the
                  | Orb.
     0 | D:1      | Reached XP level 1. HP: 10/10 MP: 4/4
   415 | D:1      | Found a faded altar of an unknown god.
   421 | D:1      | Reached XP level 2. HP: 15/15 MP: 4/6
  1332 | D:2      | Reached XP level 3. HP: 19/19 MP: 2/7
  2155 | D:2      | Found Fowogemis's Antique Weapon Emporium.
  2223 | D:2      | Noticed Jessica
  2233 | D:2      | Reached skill level 5 in Air Magic
  2593 | D:2      | Killed Jessica
  2594 | D:2      | Reached XP level 4. HP: 18/24 MP: 2/8
  2966 | D:2      | Slain by a wight

Illustrated notes

Levels and vault maps discovered:
D:1:      roderic_chinese_lattice_arrival, layout_basic,
          shapermc_ecumenical_altar_mp_ritualfount
D:2:      layout_basic, serial_shops, nicolae_diamond_shop,
          chequers_serial_rivers_micro_d, uniq_jessica
D:3:      layout_loops_corners, uniq_ijyb, uniq_natasha, uniq_crazy_yiuf_cottage

Skill      XL: |  1  2  3  4 |
---------------+-------------+-----
Air Magic      | 5 |  5.2
Conjurations   | 2 |  2.0
Dodging        | |  2.4
Stealth        | |  2.3
Unarmed Combat | |  0.1
Spellcasting   | |  2.5

Action                   |  1- 3 |  4- 6 || total
-------------------------+-------+-------++-------
Melee: Unarmed           |    14 |     1 ||    15
       Peck              |     3 |     1 ||     4
       Kick              |     2 |       ||     2
 Cast: Shock             |    53 |    10 ||    63
  Use: Scroll            |       |     1 ||     1
Armor: Robe              |     2 |       ||     2
Dodge: Dodged            |     6 |     2 ||     8
